AoeStats
← DK

Highland

506693962Analyzed
4v4 RM · 18d ago on Sep 14, 2026· 41m 31s· 8 players
Game mode
Random Map
Map size
Large (8 player)
Population
200
Speed
Normal
Resources
Standard
Victory
Conquest
Starting age
Dark Age
Ending age
Imperial Age
RankedLock teamsTeams togetherTeam positionsShared explorationLock speedFull tech treeHidden civsTurbo modeCheats
Victory
Defeat
🇩🇪 Franks · Germany
1082
+15
1070
+15
🇩🇪 Italians · Germany
1055
+16
🇩🇪 Burgundians · Germany
1031
+17
🇺🇸 Italians · United States
1111
-18
🇬🇧 Lithuanians · United Kingdom
1059
-16
🇧🇪 Koreans · Belgium
1039
-15
🇹🇷 Mongols · Türkiye
1011
-14
Coalpool6926
11:14 Feudal Age
11:37 Loom
14:17 Double-Bit Axe
16:33 Wheelbarrow
21:36 Castle Age
19:46 Horse Collar
20:57 Gold Mining
21:06 Stone Mining
22:36 Bow Saw
27:02 Scale Barding Armor
28:39 Husbandry
28:50 Bloodlines
30:04 Chain Barding Armor
30:14 Pikeman
37:06 Squires
36:51 Arson
37:27 Heavy Plow
37:04 Light Cavalry
FlowCycling
3:43 Loom
11:13 Feudal Age
20:03 Castle Age
18:04 Double-Bit Axe
18:11 Stone Mining
19:31 Horse Collar
20:02 Fletching
20:49 Town Watch
21:25 Fishing Lines
23:44 Pikeman
24:24 Squires
25:30 Heavy Plow
25:57 Squires
27:16 Gambesons
29:50 Forging
29:40 Scale Mail Armor
34:03 Imperial Age
31:43 Arson
33:02 Eupseong
33:32 Bodkin Arrow
35:20 Conscription
35:59 Ballistics
36:41 Chemistry
36:46 Gold Mining
37:18 Bow Saw
39:15 Treadmill Crane
eXe
12:13 Feudal Age
13:31 Double-Bit Axe
16:11 Castle Age
16:16 Loom
16:23 Horse Collar
17:21 Bow Saw
17:13 Heavy Plow
19:47 Stone Mining
21:21 Wheelbarrow
21:23 Town Watch
24:15 Hand Cart
23:55 Gold Mining
27:53 Stone Shaft Mining
28:31 Fletching
28:52 Thumb Ring
33:23 Imperial Age
32:00 Ballistics
31:53 Masonry
31:39 Murder Holes
35:01 Gold Shaft Mining
34:38 Husbandry
34:09 Elite Mangudai
35:18 Conscription
35:38 Bloodlines
35:28 Bodkin Arrow
36:40 Chemistry
39:06 Hoardings
39:18 Heavy Camel Rider
40:06 Scale Barding Armor
40:35 Bracer
LordVartok
8:15 Loom
10:02 Feudal Age
15:51 Castle Age
15:30 Double-Bit Axe
17:25 Fletching
22:42 Crossbowman
28:35 Thumb Ring
31:49 Padded Archer Armor
36:13 Bodkin Arrow
36:35 Leather Archer Armor
Stumpi
1:03 Loom
4:48 Loom
8:33 Loom
11:01 Feudal Age
11:54 Double-Bit Axe
18:16 Castle Age
16:04 Horse Collar
18:18 Cavalier
19:13 Heavy Plow
19:07 Gold Mining
22:44 Wheelbarrow
22:56 Scale Barding Armor
24:50 Hand Cart
26:18 Bow Saw
33:12 Chain Barding Armor
33:03 Forging
36:49 Crop Rotation
38:20 Iron Casting
41:08 Imperial Age
41:29 Paladin
1,3,7-Trimethylxanthine
2:40 Loom
10:40 Feudal Age
14:23 Double-Bit Axe
14:14 Man-at-Arms
17:12 Horse Collar
20:35 Gold Mining
22:58 Castle Age
21:46 Scale Barding Armor
23:42 Wheelbarrow
24:04 Husbandry
24:51 Heavy Plow
25:05 Bow Saw
27:20 Chain Barding Armor
28:32 Forging
29:53 Iron Casting
34:36 Hand Cart
42:52 Imperial Age
darkspire03
9:43 Loom
11:32 Feudal Age
14:42 Double-Bit Axe
14:40 Horse Collar
17:06 Town Watch
20:29 Castle Age
19:06 Wheelbarrow
21:33 Fletching
22:31 Bodkin Arrow
21:59 Crossbowman
26:52 Ballistics
35:10 Imperial Age
36:21 Bracer
36:21 Padded Archer Armor
37:41 Chemistry
39:50 Pikeman
40:31 Squires
DK
8:32 Loom
11:17 Feudal Age
16:44 Castle Age
19:56 Wheelbarrow
19:18 Gold Mining
21:16 Gold Shaft Mining
26:37 Scale Barding Armor
26:43 Forging
27:19 Husbandry
29:44 Chain Barding Armor
30:00 Iron Casting
31:20 Hand Cart
34:43 Imperial Age
33:01 Fletching
35:17 Cavalier
36:34 Plate Barding Armor
37:00 Blast Furnace
36:50 Bodkin Arrow
37:16 Paladin
41:39 Ballistics
42:10 Chivalry
Connection lost

Rejoining the realm…

Still unreachable

The connection could not be restored.

Session expired

The server has moved on; the page needs a fresh start.